[Event "1st FIDE Olympiad DIS 2023"]
[Site "Belgrade"]
[Date "2023.01.31"]
[Round "2.13"]
[White "Sahin, Handenur"]
[Black "Ibraimov, Kubanychbek"]
[Result "0-1"]
[ECO "B24"]
[WhiteElo "1915"]
[BlackElo "1316"]
[Annotator "TA"]
[PlyCount "106"]
[EventDate "2023.01.30"]
[EventType "team-tourn"]
[EventCountry "SRB"]
[SourceTitle "playchess.com"]
[Source "ChessBase"]
[SourceQuality "1"]
[WhiteTeam "Turkey"]
[BlackTeam "Kyrgyzstan"]
[WhiteTeamCountry "TUR"]
[BlackTeamCountry "KGZ"]
[TimeControl "40/5400+30:1800+30"]

1. e4 c5 2. Nc3 Nc6 3. Nge2 e6 4. g3 g6 5. Bg2 Bg7 6. O-O Nge7 7. Nb5 {[%emt 0:07:32] B24: Closed Sicilian: 3 g3 sidelines.} d6 8. c3 a6 9. Na3 {[%emt 0:00:14] [#] The position is equal.} b5 $146 ({Predecessor:} 9... O-O 10. d4 cxd4 11. cxd4 e5 12. d5 Nb8 13. Be3 b5 14. Rc1 Nd7 15. Qc2 f5 {1-0 Galanakis,N (1525)-Koutsaftis,E (1442) Heraklion op 21st 2017 (5)}) 10. d4 cxd4 11. cxd4 Bb7 12. Nc2 Rc8 13. Bg5 h6 14. Be3 Na5 15. Nc3 (15. b3 $14) 15... Nc4 16. Bc1 O-O 17. b3 Nb6 18. Bb2 Qd7 19. Qd2 Rc7 20. Ne3 Rfc8 21. Rac1 b4 22. Ne2 a5 (22... Rxc1 {simplifies} 23. Rxc1 Rxc1+ 24. Nxc1 a5) 23. Ng4 Kh7 24. h4 (24. d5 {is more appropriate.} e5 25. Ne3) 24... h5 $11 25. Ne3 Ba6 (25... d5 $5 ) 26. Rxc7 Rxc7 27. f4 (27. d5 $11) 27... Qb5 (27... f5 $5 ) 28. Rf2 (28. Re1 $11) 28... Qd3 $1 $17 {[%emt 0:00:42] White is on the road to losing.} 29. Qxd3 Bxd3 30. Nc1 Bb1 {[%emt 0:01:32] Black is much more active.} 31. Rd2 (31. e5 $17 Nf5 32. Nxf5 Bxf5 33. exd6) 31... a4 $36 {[%emt 0:00:41][%mdl 2048] Strongly threatening ...a3. White is under strong pressure.} 32. a3 (32. Nd3 $142 a3 33. Ba1) 32... bxa3 $19 33. Bxa3 {[%emt 0:00:06] [#]} axb3 $1 ({Weaker is} 33... Rc3 34. Kf2 $15) 34. Nxb3 (34. Kf2 $142) 34... Rc3 $1 35. Rb2 {[%emt 0:00:24] [#]} Bxe4 ({And not} 35... Rxe3 36. Rxb1 Nc4 37. Bb4 $17) 36. Bxd6 Nec8 (36... Rxe3 $2 {loses.} 37. Bxe7 Nc4 38. Nd2 Nxb2 39. Nxe4 $19) 37. Bc5 Rxe3 38. Kf2 Nd5 {[%emt 0:00:49] aiming for ...Bxg2.} 39. Bxe4 Rxe4 40. Rc2 Ne3 41. Ra2 (41. Kf3 $142 f5 42. Re2) 41... Nd1+ 42. Kg2 Bf6 {[%emt 0:02:45] Black is clearly winning.} 43. Bb4 Bxd4 44. Rd2 Bc3 45. Bxc3 Nxc3 46. Kf3 Rb4 47. Nc5 Nd5 48. Nd7 Nd6 {[%emt 0:00:44] ...Rb3+ would be deadly.} 49. Ra2 Rb3+ 50. Kf2 Ne4+ 51. Kg2 Rxg3+ 52. Kh2 Rg4 53. Ra8 Nxf4 {[%emt 0:00:28] Weighted Error Value: White=0.39/Black=0.18 (very precise)} 0-1

[Event "1st FIDE Olympiad DIS 2023"]
[Site "Belgrade"]
[Date "2023.01.31"]
[Round "2.14"]
[White "Babula, Milan"]
[Black "Lopez, Henry"]
[Result "1/2-1/2"]
[ECO "C92"]
[WhiteElo "2107"]
[BlackElo "2102"]
[Annotator "TA"]
[PlyCount "66"]
[EventDate "2023.01.30"]
[EventType "team-tourn"]
[EventCountry "SRB"]
[SourceTitle "playchess.com"]
[Source "ChessBase"]
[SourceQuality "1"]
[WhiteTeam "Czech Republic"]
[BlackTeam "Philippines"]
[WhiteTeamCountry "CZE"]
[BlackTeamCountry "PHI"]
[TimeControl "40/5400+30:1800+30"]

1. e4 e5 2. Nf3 Nc6 3. Bb5 a6 4. Ba4 Nf6 5. O-O Be7 6. Re1 b5 7. Bb3 d6 8. c3 O-O 9. h3 Bb7 10. d3 Na5 11. Bc2 c5 12. Nbd2 Re8 13. Nf1 Bf8 14. Bg5 h6 {[%emt 0:03:38] C92: Closed Ruy Lopez: 9...Be6, Karpov and Flohr-Zaitsev Variations.} 15. Bd2 (15. Bh4 $14) 15... Nc6 {[%emt 0:03:15] [#]} 16. N3h2 $146 ({Predecessor:} 16. a3 g6 17. Qc1 Kh7 18. b4 Rc8 19. Ng3 Bg7 20. Qb2 Qd7 21. Be3 cxb4 22. axb4 {½-½ Firouzja,A (2682)-Martinez Alcantara,J (2583) chess.com Speed U20 blitz 2019 (1.25)}) 16... Bc8 {[%emt 0:06:16] The position is equal.} 17. Ne3 Be6 18. Nhg4 Nxg4 19. hxg4 Be7 20. Bb3 Bg5 21. Bd5 Qd7 22. f3 g6 (22... Bxe3+ $15 23. Bxe3 Bxd5 24. exd5 Ne7) 23. Kf2 $11 Rab8 24. Rh1 Ne7 25. Qc1 {[%emt 0:03:03][%cal Oe3f5] aiming for Nf5!} f6 26. c4 Kg7 27. g3 Bxd5 (27... Bxe3+ $11 {keeps the balance.} 28. Bxe3 g5) 28. cxd5 $16 Rh8 29. Rh2 Rh7 (29... Bxe3+ $14 30. Bxe3 g5) 30. Qc2 (30. Ng2 $16) 30... Rbh8 {[%emt 0:11:23] White is slightly better.} 31. Rah1 h5 32. gxh5 Bxe3+ 33. Bxe3 Rxh5 {[%emt 0:00:53] Weighted Error Value: White=0.17 (very precise) /Black=0.16 (very precise)} 1/2-1/2

[Event "1st FIDE Olympiad DIS 2023"]
[Site "Belgrade"]
[Date "2023.01.31"]
[Round "2.14"]
[White "Arstanbekov, Dzhanysh"]
[Black "Deniz, Ugur"]
[Result "0-1"]
[ECO "C45"]
[WhiteElo "1621"]
[BlackElo "1946"]
[Annotator "TA"]
[PlyCount "84"]
[EventDate "2023.01.30"]
[EventType "team-tourn"]
[EventCountry "SRB"]
[SourceTitle "playchess.com"]
[Source "ChessBase"]
[SourceQuality "1"]
[WhiteTeam "Kyrgyzstan"]
[BlackTeam "Turkey"]
[WhiteTeamCountry "KGZ"]
[BlackTeamCountry "TUR"]
[TimeControl "40/5400+30:1800+30"]

1. e4 e5 2. Nf3 Nc6 3. d4 exd4 4. Nxd4 Nf6 5. Nxc6 bxc6 6. e5 Qe7 7. Qe2 Nd5 8. c4 Ba6 9. Nd2 g6 10. a3 {[%emt 0:03:05] C45: Scotch Game.} (10. Ne4 $11) 10... Bg7 11. Qe4 (11. Nf3 $15) 11... Nb6 $1 $17 {[%emt 0:01:24] Black is more active.} 12. f4 {[%emt 0:03:41] [#] Black is better.} f5 ({Better is} 12... O-O $1 $17 {...f6 is the strong threat.} 13. Nf3 d5 14. cxd5 cxd5) 13. exf6 $15 Bxf6 {[%emt 0:00:18] [#]} 14. c5 $146 ({Predecessor:} 14. Qxe7+ Bxe7 15. Bd3 O-O 16. O-O d5 17. Be2 Bf6 18. Rb1 Rad8 19. Bg4 Bxc4 20. Nxc4 Nxc4 21. Re1 Rfe8 22. Rxe8+ Rxe8 23. Bd7 Re7 24. Bg4 c5 {0-1 Biciuc,V (1469)-Topic,A (1750) Wch U14 Girls 2009 (6)}) 14... Bxf1 15. Rxf1 Na4 16. Qxe7+ Kxe7 17. Ne4 Bxb2 ({But not} 17... Nxb2 $6 18. Nxf6 Nd3+ 19. Kd1 Nxc1 20. Nxd7 $11) 18. Bxb2 Nxb2 19. Ra2 {[%emt 0:01:40] [#]} (19. Kd2 $1 $15) 19... Rab8 $1 $17 20. Kd2 d5 (20... Rhf8 $17 {White must now prevent ...d5.} 21. g3 d5) 21. cxd6+ $15 cxd6 {[%emt 0:01:19] Strongly threatening ...Rhf8.} 22. Re1 {[%emt 0:06:06] Threatens to win with Kc2.} d5 $36 {[%emt 0:00:50][%mdl 2048] Black has some pressure.} 23. Ng5+ {[%emt 0:02:48] Now White is beyond hope.} ({White must play} 23. Kc2 $1 $15 Nc4 24. Nd2+ Kd6 25. Nxc4+ dxc4 26. Kc3) 23... Kd7 $19 24. Nf7 Nc4+ 25. Kc3 Rhf8 26. Ne5+ Nxe5 27. fxe5 {[%emt 0:00:24][%mdl 4096] Endgame KRR-KRR} Ke6 28. g3 (28. Rd1 $142) 28... c5 29. Rae2 Rf3+ {[%emt 0:00:29][%mdl 64] Skewer} 30. Kd2 Rxa3 31. Rc1 Rb2+ 32. Ke1 Rxe2+ 33. Kxe2 {[%emt 0:00:03] KR-KR} c4 34. Rb1 Kxe5 35. Rb7 Ra2+ 36. Kf3 Rxh2 37. Rxa7 Kd4 38. Rd7 c3 {[%emt 0:00:12] Black mates.} 39. g4 c2 40. Rc7 Kd3 41. Kg3 Re2 42. Kf3 Re1 {[%emt 0:29:21] Weighted Error Value: White=1.26/Black=0.19 (very precise)} 0-1

[Event "1st FIDE Olympiad DIS 2023"]
[Site "Belgrade"]
[Date "2023.01.31"]
[Round "2.15"]
[White "Bernardo, Darry"]
[Black "Valenta, Vit Vaclav"]
[Result "1/2-1/2"]
[ECO "C22"]
[WhiteElo "2070"]
[BlackElo "2022"]
[Annotator "TA"]
[PlyCount "89"]
[EventDate "2023.01.30"]
[EventType "team-tourn"]
[EventCountry "SRB"]
[SourceTitle "playchess.com"]
[Source "ChessBase"]
[SourceQuality "1"]
[WhiteTeam "Philippines"]
[BlackTeam "Czech Republic"]
[WhiteTeamCountry "PHI"]
[BlackTeamCountry "CZE"]
[TimeControl "40/5400+30:1800+30"]

1. e4 e5 2. d4 exd4 3. Qxd4 Nc6 4. Qe3 g6 5. Nc3 Bg7 6. Bd2 d6 7. O-O-O Nf6 8. Nd5 {[%emt 0:09:38] C22: Centre Game.} (8. Kb1 $14) 8... O-O $11 9. Nxf6+ Bxf6 {[%emt 0:00:36] [#]} 10. h4 $1 {[%emt 0:01:25] [#] White has an edge.} h5 $146 (10... Bxh4 $2 11. Qh6 Qf6 12. Rxh4 $18) (10... Bd4 11. Qf4) ({Predecessor:} 10... Ne5 11. f4 Ng4 12. Qg3 Bd4 13. Nh3 Qe8 14. Bd3 Qa4 15. c3 Bg7 16. f5 Ne5 {0-1 Sperdokli,E (2124)-Kviatkovska,Z EU-ch U18 Girls 1999 (1)}) 11. f3 Bd4 (11... Bxh4 12. g4 Bf6 13. gxh5 $16) 12. Qe1 Bg7 {[%emt 0:01:41][%cal Ob7b5] [#]} (12... Qf6 $5 ) 13. g4 hxg4 14. Kb1 (14. h5 {is interesting.} gxf3 15. Qg3 Qf6 16. Bc3) 14... gxf3 (14... Qe7 {simplifies} 15. h5 gxf3 16. Nh3 Bxh3 17. Rxh3 Ne5) 15. Bg5 {[%emt 0:03:37] Prevents Qf6} (15. h5 $15) 15... Qe8 $1 $17 16. h5 {[%emt 0:04:48] [#]} (16. Nxf3 $142 Bg4 17. Rd3) 16... Qe5 $2 (16... gxh5 $1 $17 {...Bg4 is the strong threat.} 17. Nxf3 Bg4) 17. Bc1 $11 Bg4 18. Rd5 Qe6 19. Nh3 $1 {[%emt 0:07:05] aiming for Nf4.} Rae8 (19... Bxh5 20. Nf4 f2 21. Qxf2 Qxe4 22. Bg2 $18) (19... Rfe8 $1 $15 20. Rg5 Bxh3 21. Rxh3 Qxe4) 20. Nf4 $1 Qf6 (20... Qxe4 $11 {and Black has nothing to worry.} 21. Qh4 Bf5 22. Rxf5 gxf5) 21. h6 $18 f2 (21... Ne5 {was called for.} 22. hxg7 Qxg7) 22. Qxf2 Rxe4 23. hxg7 Qxg7 24. Bd3 Re5 25. Rxe5 Nxe5 26. Nd5 f5 27. Bg5 (27. Qxa7 Bf3 28. Bh6 Qf7 $16) 27... Bf3 28. Ne7+ Kf7 {[%emt 0:00:42] [#]} 29. Bc4+ $4 Nxc4 $19 30. Rh7 Qxh7 31. Qxf3 c6 32. b3 Ne5 33. Qe3 Qh1+ 34. Kb2 Re8 {[%emt 0:00:45] ...Nf3 would be deadly.} 35. Qd4 Ke6 36. Nxg6 Qe4 37. Nf4+ Kd7 38. Qxa7 Kc7 ({Better is} 38... c5 $19 39. Qa5 Qd4+ 40. Qc3 Qxc3+ 41. Kxc3 Nf7) 39. Qa5+ $2 (39. Ne6+ $1 $11 Kd7 40. Nf8+ (40. Ng7 c5 $11) 40... Kc7 41. Ne6+ Kd7 42. Nf8+ (42. Ng7 Rc8 $11) 42... Rxf8 43. Qxb7+ Ke6 44. Qe7+ Kd5 45. Qxf8) 39... Kb8 {[%emt 0:00:37] Hoping for ...Nf7.} 40. Bd8 Qd4+ (40... Qxf4 41. Qc7+ Ka7 42. Qa5+ Kb8 43. Qc7+ Ka8 44. Qa5+ Kb8 $11) 41. Kb1 Qd1+ $2 ({Weaker is} 41... Qxf4 42. Qc7+ Ka7 43. Qa5+ Kb8 44. Qc7+ Ka8 45. Qa5+ Kb8 $11) ({Black should try} 41... Qg1+ $19 42. Kb2 Qd4+ 43. Kb1 Qc5 44. Qxc5 dxc5) 42. Kb2 $11 Qd4+ $2 (42... c5 $11 43. Qc7+ Ka8 44. Qa5+ Kb8 45. Qc7+ Ka8 46. Qa5+ Kb8) 43. Kb1 $1 $19 Qd1+ $2 ({And not} 43... Qxf4 44. Qc7+ Ka7 45. Qa5+ Kb8 46. Qc7+ Ka8 47. Qa5+ Kb8 $11) (43... Qg1+ $19 44. Kb2 Qd4+) 44. Kb2 $11 Qd4+ $2 (44... Nc4+ $11 45. bxc4 Qd4+ 46. Kb3 Re4 47. Qc7+ Ka8 48. Qa5+ Kb8 49. Qc7+ Ka8 50. Qa5+ Kb8) 45. Kb1 $1 {[%emt 0:00:00][%mdl 32768] A fantastic game!   Weighted Error Value: White=0.67/Black=0.67. An unexpected result.} 1/2-1/2

[Event "1st FIDE Olympiad DIS 2023"]
[Site "Belgrade"]
[Date "2023.01.31"]
[Round "2.15"]
[White "Donmez, Unal"]
[Black "Rakhatbekov, Tilegen"]
[Result "0-1"]
[ECO "B21"]
[WhiteElo "1816"]
[BlackElo "1489"]
[Annotator "NA RC COMBH"]
[PlyCount "90"]
[EventDate "2023.01.30"]
[EventType "team-tourn"]
[EventCountry "SRB"]
[SourceTitle "playchess.com"]
[Source "ChessBase"]
[SourceQuality "1"]
[WhiteTeam "Turkey"]
[BlackTeam "Kyrgyzstan"]
[WhiteTeamCountry "TUR"]
[BlackTeamCountry "KGZ"]
[TimeControl "40/5400+30:1800+30"]

1. e4 c5 2. d4 cxd4 3. c3 dxc3 4. Nxc3 e6 5. Bc4 Bc5 6. Nf3 Ne7 7. O-O O-O 8. Qe2 Nbc6 9. Rd1 a6 10. a4 b6 11. Bf4 Qe8 12. Rac1 Bb7 13. e5 (13. Bd6 $11) 13... f6 14. exf6 Rxf6 15. Bg5 Rg6 16. Ne4 {[%emt 0:01:51] [#]} Nf5 $1 17. h4 {[%emt 0:09:39] [#]} (17. Bd3 $17 {was called for.}) 17... Ncd4 (17... h6 $1 $19 {[%cal Rh6g5] has better winning chances.} 18. Nxc5 bxc5) 18. Nxd4 Nxd4 19. Rxd4 $17 Bxd4 20. Nd6 Qb8 21. Nxb7 Qxb7 22. Bd3 {[%emt 0:00:54] [#]} Rf8 $1 23. Rf1 Rxg5 24. hxg5 a5 (24... Qd5 $17 25. g6 hxg6 26. Bxa6 Rf4) 25. Bxh7+ Kf7 (25... Kxh7 $17 26. Qd3+ Rf5 27. g6+ Kh6 28. Qxd4 Rg5) 26. Rd1 (26. Qd3 $1 $11 Qd5 27. Rd1) 26... Bc5 27. Qd3 {[%emt 0:00:42] [#]} (27. Rd3 $142) 27... Ke7 $1 28. Rd2 Qc7 (28... Rf4 $17 29. Qb3 Rg4) 29. Qc3 e5 30. g4 d6 31. Bf5 Qc6 32. Qb3 Rh8 33. Qe6+ Kd8 34. Rd5 Bb4 35. Kg2 Re8 36. Qf7 Re7 37. Qg8+ Qe8 38. Qh7 Qxa4 39. Rd3 Qc6+ 40. Be4 Qe8 41. Bd5 g6 42. Qh3 e4 43. Rd1 Bc5 44. Qc3 Qf8 45. Qd2 Qf3+ 0-1

[Event "1st FIDE Olympiad DIS 2023"]
[Site "Belgrade"]
[Date "2023.01.31"]
[Round "2.16"]
[White "Ryvova, Anna"]
[Black "Mendoza, Cheyzer Crystal J."]
[Result "1/2-1/2"]
[ECO "B22"]
[WhiteElo "1823"]
[BlackElo "1639"]
[Annotator "NA RC COMBH"]
[PlyCount "85"]
[EventDate "2023.01.30"]
[EventType "team-tourn"]
[EventCountry "SRB"]
[SourceTitle "playchess.com"]
[Source "ChessBase"]
[SourceQuality "1"]
[WhiteTeam "Czech Republic"]
[BlackTeam "Philippines"]
[WhiteTeamCountry "CZE"]
[BlackTeamCountry "PHI"]
[TimeControl "40/5400+30:1800+30"]

1. e4 c5 2. c3 d5 3. exd5 Qxd5 4. d4 Nc6 5. dxc5 Qxd1+ 6. Kxd1 Nf6 7. f3 Bd7 (7... Bf5 $15) 8. Be3 O-O-O 9. Nd2 e5 ({Better is} 9... Nd5 $11 10. Bf2 g6) 10. Ke1 (10. Bc4 $142) 10... Nd5 11. Bf2 f5 12. Ne2 Be7 13. g3 (13. Rd1 {might be stronger.}) 13... f4 (13... Be6 $15) 14. Ne4 Bf5 (14... Nf6 $11) 15. Bg2 (15. Rd1 $14) 15... Rhf8 16. gxf4 exf4 {[%emt 0:00:37] [#]} 17. Nd6+ Bxd6 18. cxd6 Rfe8 19. Rd1 Rxd6 20. Rd2 Red8 21. Nd4 (21. Bd4 $15) 21... Ne3 22. Rg1 Nxd4 23. cxd4 Rc6 (23... Nc2+ $19 24. Kd1 Nxd4 25. Bxd4 Rxd4 26. Rxd4 Rxd4+ 27. Ke1 Rc4) 24. Bf1 Re8 25. Bb5 Rc1+ $1 26. Ke2 Rxg1 27. Bxg1 Re7 28. Kf2 g5 29. Bd3 Bd7 (29... Bxd3 $17 30. Rxd3 b6) 30. Re2 h5 31. Ke1 ({White should play} 31. d5 $1 $15) 31... Nd5 32. Rxe7 Nxe7 33. Be4 Be6 34. a3 g4 35. Bf2 Nf5 (35... Bf5 $11) 36. d5 Bd7 37. Bxf5 (37. Bxa7 $14 g3 38. hxg3 fxg3 39. Kf1) 37... Bxf5 38. fxg4 hxg4 39. Bxa7 Kc7 40. Bf2 Be4 41. Kd2 Kd6 42. Ke2 $15 (42. Ba7 $11) 42... Kxd5 43. Be1 1/2-1/2

[Event "1st FIDE Olympiad DIS 2023"]
[Site "Belgrade"]
[Date "2023.01.31"]
[Round "2.16"]
[White "Bolotov, Toktobek"]
[Black "Saltik, Suleyman"]
[Result "0-1"]
[ECO "D94"]
[WhiteElo "1437"]
[BlackElo "1687"]
[Annotator "NA RC COMBH"]
[PlyCount "84"]
[EventDate "2023.01.30"]
[EventType "team-tourn"]
[EventCountry "SRB"]
[SourceTitle "playchess.com"]
[Source "ChessBase"]
[SourceQuality "1"]
[WhiteTeam "Kyrgyzstan"]
[BlackTeam "Turkey"]
[WhiteTeamCountry "KGZ"]
[BlackTeamCountry "TUR"]
[TimeControl "40/5400+30:1800+30"]

1. d4 Nf6 2. c4 g6 3. Nc3 d5 4. Nf3 Bg7 5. e3 O-O 6. Be2 c6 7. h3 Nbd7 8. cxd5 cxd5 9. Qb3 Nb6 10. O-O Bf5 11. Bd2 Ne4 12. Rac1 Qd7 13. Nxe4 dxe4 14. Nh2 Be6 15. Qa3 Rfc8 16. Rxc8+ Nxc8 17. Rc1 Nd6 18. Qa5 b6 19. Qb4 Rc8 20. Nf1 Rxc1 21. Bxc1 Qc6 22. Qc3 Qxc3 23. bxc3 Bxa2 24. Ba3 Bd5 25. Nd2 f5 26. c4 Bc6 27. g3 Bh6 28. Nb3 Ba4 29. c5 Bxb3 30. cxd6 exd6 31. Bxd6 Bf8 32. Bc7 Kf7 33. Ba6 Ke6 34. Bb8 Bb4 35. Bxa7 Ba5 36. Bb5 Kd5 37. Bb8 Bc4 38. Be8 b5 39. Bf7+ Kc6 40. Bxc4 bxc4 41. Kf1 c3 42. Ba7 c2 0-1

[Event "1st FIDE Olympiad DIS 2023"]
[Site "Belgrade"]
[Date "2023.01.31"]
[Round "2.17"]
[White "Sofran, Radu-Pompiliu"]
[Black "Jankunas, Tomas"]
[Result "0-1"]
[ECO "C24"]
[WhiteElo "2149"]
[BlackElo "2127"]
[Annotator "TA"]
[PlyCount "66"]
[EventDate "2023.01.30"]
[EventType "team-tourn"]
[EventCountry "SRB"]
[SourceTitle "playchess.com"]
[Source "ChessBase"]
[SourceQuality "1"]
[WhiteTeam "Romania"]
[BlackTeam "Lithuania"]
[WhiteTeamCountry "ROU"]
[BlackTeamCountry "LTU"]
[TimeControl "40/5400+30:1800+30"]

1. e4 e5 2. Bc4 Nf6 3. d3 Nc6 4. c3 Bc5 5. Bg5 {[%emt 0:01:31] [#]} a6 $146 ({Predecessor:} 5... Be7 6. Qf3 d6 7. h3 O-O 8. Ne2 Na5 9. Ng3 Nxc4 10. dxc4 Be6 11. Na3 Nd7 {0-1 Fedorchuk,S (2621)-Erturan,Y (2367) EU-ch 18th Minsk 2017 (3)}) 6. Qf3 {[%emt 0:01:09] C24: Bishop's Opening: 2...Nf6.} Be7 7. Ne2 Na5 8. Nd2 {[%emt 0:00:41] The position is equal.} d6 9. Bxf6 Bxf6 10. b4 Nxc4 11. Nxc4 Be6 12. Ne3 c6 13. O-O O-O 14. h3 g6 15. a4 Bg7 16. a5 (16. Qg3 $15) 16... f5 $17 {[%emt 0:00:53] White must now prevent ...fxe4. Black converts the advantage convincingly.} 17. exf5 (17. d4 $142) 17... gxf5 {[%emt 0:02:02] ...f4 would be deadly.} ({Weaker is} 17... Bxf5 18. Nxf5 Rxf5 19. Qe3 $15) 18. Nc4 {[%emt 0:07:21] [#]} Bd5 $1 $36 {[%emt 0:09:40][%mdl 2048] Black has strong initiative.} 19. Qe3 (19. Qh5 $17 {is a better defense.}) 19... f4 $19 20. Qd2 (20. Qb6 $142) 20... f3 {[%emt 0:00:43][%cal Of3g2] And now ...fxg2! would win.} 21. Ng3 fxg2 22. Rfe1 Qh4 23. Ne3 Qxh3 {[%emt 0:04:56] ( -> ...Qh1+)} 24. Nxd5 cxd5 25. Qg5 $2 (25. Qa2 Qe6 26. d4) 25... Rf3 {[%emt 0:02:26][%cal Of3g3] Hoping for ...Rxg3!} 26. Re3 {[%emt 0:03:07] [#]} Rxg3 27. fxg3 $2 (27. Qxg7+ $19 Rxg7 28. Rxh3) 27... Qh1+ {[%emt 0:00:03] Black mates.} 28. Kf2 Rf8+ 29. Rf3 Rxf3+ {[%emt 0:00:18][%mdl 64] Deflection} 30. Kxf3 g1=Q+ 31. Kg4 h5+ 32. Kf5 Qh3+ 33. Kg6 Qe6+ {[%emt 0:00:05] A cool game by Jankunas.   Weighted Error Value: White=0.75/Black=0.56} 0-1

[Event "1st FIDE Olympiad DIS 2023"]
[Site "Belgrade"]
[Date "2023.01.31"]
[Round "2.17"]
[White "Soundarya Kumar Pradhan"]
[Black "Morales Romero, Pedro"]
[Result "0-1"]
[ECO "E41"]
[WhiteElo "1881"]
[BlackElo "2339"]
[Annotator "TA"]
[PlyCount "48"]
[EventDate "2023.01.30"]
[EventType "team-tourn"]
[EventCountry "SRB"]
[SourceTitle "playchess.com"]
[Source "ChessBase"]
[SourceQuality "1"]
[WhiteTeam "India"]
[BlackTeam "Cuba"]
[WhiteTeamCountry "IND"]
[BlackTeamCountry "CUB"]
[TimeControl "40/5400+30:1800+30"]

1. d4 Nf6 2. c4 e6 3. Nc3 Bb4 4. e3 c5 5. Bd3 Bxc3+ 6. bxc3 Nc6 7. Ne2 d6 8. O-O O-O 9. e4 e5 10. f4 {[%emt 0:04:05] E41: Nimzo-Indian: Rubinstein: 4...c5 5 Bd3, including Hübner Variation.} (10. d5 $14 Ne7 11. f3) 10... exd4 $11 11. cxd4 cxd4 12. Bb2 {[%emt 0:04:45] [#] Black is slightly better.} Bg4 $146 ({Predecessor:} 12... Re8 13. Ng3 Ng4 14. Qd2 Qh4 15. h3 Qxg3 16. hxg4 Bxg4 17. Rae1 Re6 18. Be2 Rae8 19. Bxg4 Qxg4 {0-1 Aghasiyev,K (2441)-Barria Zuniga,D (2341) Titled Tuesday intern op 19th Jul Late blitz 2022 (8)}) 13. Qe1 Bxe2 14. Qxe2 Re8 15. g4 {[%emt 0:03:33] [#]} (15. Rae1 $17) 15... Qb6 $1 $19 16. Kh1 Re7 (16... Nxg4 $19 {[%cal Oc6b4] has better winning chances. White must now prevent ...Nb4!} 17. Rg1 Nf6) 17. Ba3 $2 {[%emt 0:10:16] [#] Now White is beyond hope.} (17. g5 $17 Nd7 18. Ba3) 17... Nxe4 $1 18. Bxe4 (18. Rab1 Ng3+) 18... Rae8 19. Bxh7+ Kxh7 20. Qc2+ Kg8 {[%emt 0:04:02] Black is clearly winning.} 21. Bxd6 (21. Qf2 $142) 21... Re2 22. Qf5 Qd8 {[%emt 0:02:52] ( -> ...Qh4)} 23. Qd5 Qh4 24. f5 {[%emt 0:10:12] [#]} R8e5 $1 {[%emt 0:00:38][%mdl 512] Weighted Error Value: White=1.27/Black=0.52} 0-1